 Dungeon Crawl Stone Soup version 0.17-a0-1954-g0dddeaa (webtiles) character file.

10284 HungrySpirit the Bludgeoner (level 11, -2/107 HPs)
             Began as an Ogre Arcane Marksman on Oct 3, 2015.
             Was an Elder of Okawaru.
             Slain by a blink frog (18 damage)
             ... on level 9 of the Dungeon.
             The game lasted 00:35:05 (15328 turns).

HungrySpirit the Bludgeoner (Ogre Arcane Marksman) Turns: 15328, Time: 00:35:05

Health: -2/107     AC:  4    Str: 24    XL:     11   Next: 59%
Magic:  12/12      EV: 14    Int: 12    God:    Okawaru [****..]
Gold:   367        SH:  0    Dex:  9    Spells: 0 memorised, 12 levels left

rFire  . . .     SeeInvis .     x - +1 giant club
rCold  . . .     Clarity  .     q - +1 robe {MR+}
rNeg   . . .     SustAt   .     (no shield)
rPois  .         Gourm    .     (helmet restricted)
rElec  .         Spirit   .     (no cloak)
rCorr  .         Warding  .     (gloves unavailable)
rMut   .         Stasis   .     (boots unavailable)
MR     ++...                    (no amulet)
Stlth  ++........               f - ring of flight
                                e - +3 ring of strength

@: heroism, very resistant to hostile enchantments, unstealthy
A: unfitting armour, tough skin 1
a: Heroism, Renounce Religion, Evoke Flight


You were on level 9 of the Dungeon.
You worshipped Okawaru.
Okawaru was greatly pleased with you.
You were not hungry.

You visited 3 branches of the dungeon, and saw 12 of its levels.

You collected 744 gold pieces.
You spent 377 gold pieces at shops.

Inventory:

Hand weapons
 s - a +0 blowgun
 v - a +0 giant spiked club
 x - a +1 giant club (weapon)
Missiles
 m - 5 large rocks (quivered)
 t - 54 poisoned needles
 J - 6 javelins of returning
 T - 3 curare-tipped needles
Armour
 q - a +1 robe of magic resistance (worn)
Rods
 I - a +0 rod of clouds (11/11)
   (You found it on level 8 of the Dungeon)
Jewellery
 e - a +3 ring of strength (left hand)
 f - a ring of flight (right hand)
 H - an uncursed amulet of regeneration
Magical devices
 b - a wand of cold (1)
 G - a wand of digging (23)
 P - a wand of paralysis (9)
 Q - a wand of digging (13)
Scrolls
 a - a scroll of noise
 i - 6 scrolls of amnesia
 j - 2 scrolls of enchant weapon
 l - 2 scrolls of remove curse
 w - 3 scrolls of enchant armour
 y - 2 scrolls of blinking
 B - 5 scrolls of recharging
 D - 7 scrolls of identify
 S - a scroll of magic mapping
Potions
 c - 2 potions of ambrosia
 h - a potion of curing
 k - a potion of cure mutation
 o - a potion of flight
 p - 2 potions of lignification
 r - 2 potions of agility
 z - 2 potions of might
 A - a potion of cancellation
 E - 2 potions of berserk rage
 K - a potion of magic
 L - 2 potions of mutation
 M - 2 potions of brilliance
 N - 2 potions of heal wounds
Books
 d - a book of Debilitation

   Spells                             Type                      Level
   a - Corona                         Hexes                        1
   b - Slow                           Hexes                        2
   c - Gell's Gravitas                Hexes/Translocation          3
   d - Inner Flame                    Hexes/Fire                   3
   e - Cause Fear                     Hexes                        4
   f - Leda's Liquefaction            Hexes/Earth                  4
 C - a book of Ice

   Spells                             Type                      Level
   a - Ice Form                       Ice/Transmutation            4
   b - Metabolic Englaciation         Hexes/Ice                    5
   c - Ozocubu's Refrigeration        Ice                          6
   d - Bolt of Cold                   Conjuration/Ice              6
   e - Freezing Cloud                 Conjuration/Ice/Air          6
   f - Simulacrum                     Ice/Necromancy               6
 F - a Young Poisoner's Handbook

   Spells                             Type                      Level
   a - Sting                          Conjuration/Poison           1
   b - Cure Poison                    Poison                       2
   c - Mephitic Cloud                 Conjuration/Poison/Air       3
   d - Olgreb's Toxic Radiance        Poison                       4
   e - Venom Bolt                     Conjuration/Poison           5
Comestibles
 g - 3 meat rations
 n - a chunk of flesh
 u - 7 royal jellies
 O - a bread ration


   Skills:
 + Level 6.7(11.7) Fighting
 * Level 15.0(20.0) Maces & Flails
 + Level 9.7(14.7) Throwing
 + Level 8.1(13.1) Dodging
 - Level 1.2 Spellcasting
   Level 2.1 Hexes


You had 12 spell levels left.
You didn't know any spells.

Dungeon Overview and Level Annotations

Branches:
Dungeon (10/15)            Temple (1/1) D:5            Lair (1/8) D:9
    Orc (0/4) D:9

Altars:
Ashenzari
Cheibriados
Dithmenos
Elyvilon
Fedhas
Gozag
Kikubaaqudgha
Makhleb
Nemelex Xobeh
Okawaru
Qazlal
Ru
Sif Muna
Trog
Vehumet
Xom
Yredelemnul
Zin
The Shining One
Beogh

Shops:
D:7 =   D:9 !   D:10 ?

Annotations:
Lair:1 Erica


Innate Abilities, Weirdness & Mutations

You are too large for most types of armour.
You have tough skin (AC +1).


Message History

The blink frog hits the fungus.
The yak gores you!
* * * LOW HITPOINT WARNING * * *
You bludgeon the yak!!
You kill the yak!
Okawaru accepts your kill.
Your base Maces & Flails skill increases to level 15!
The blink frog momentarily phases out as your attack passes through it.
The blink frog hits you.
* * * LOW HITPOINT WARNING * * *
The blink frog momentarily phases out as your attack passes through it.
The blink frog misses you.
You miss the blink frog.
The blink frog hits you but does no damage.
The blink frog momentarily phases out as your attack passes through it.
The blink frog hits you!!
* * * LOW HITPOINT WARNING * * *
The blink frog blinks!
Drink which item? (? for menu, Esc to quit)
You feel much better. The blink frog hits you!!
You die...

.....# ##...P...P..+..#.........
....#####......P....#..+.........
#'###......PP.PPP......#.....##..
.....P....PPPP.P..P..P.......##'#
..........PPPPP..PPP.PP.#....##..
......P.PP.P...P.PP.P........##..
.....PP........P..PP...P.....+...
.......PPP.P.P>FPP.P.P.......#...
##'....PPPP.PPPP@P.P.P.......#...
.....P.P.P...PPP.P..PP...###+##..
........P.PPPP.PP.P......##..####
##'##.P..PP.P.P..P.P.....#.......
#.........PP..PP.PP..P...'.......
#..........P.PP.PP....#'#######..
#...........P........#...######..
#.........#..P.P....[[......#....
'.......).#....#.....#......'....


You could see a blink frog.

Vanquished Creatures
  Pikel (D:3)
  The ghost of wvc the Poker, an experienced CeFi of Trog (D:4)
  Psyche (D:9)
  A queen bee (D:8)
  Grinder (D:4)
  Prince Ribbit (D:8)
  A blink frog (D:9)
  Sigmund (D:3)
  A deep elf mage (D:10)
  The ghost of 4thArraOfDagon the Ruffian, an average TrHu (D:5)
  8 yaks
  7 sky beasts
  8 orc warriors
  A water moccasin (D:9)
  An ice beast (D:9)
  4 ogres
  A black bear (D:8)
  2 phantoms
  4 slaves
  5 centaurs
  A crocodile (D:9)
  4 giant frogs
  3 big kobolds
  2 gnoll sergeants
  A wyvern skeleton (D:7)
  A water moccasin skeleton (D:8)
  2 scorpions
  6 wights (D:9)
  26 killer bees
  A giant frog zombie (D:7)
  6 hounds
  A crimson imp (D:9)
  2 centaur skeletons
  2 giant frog skeletons
  8 jellies
  Jessica (D:2)
  A gnoll shaman (D:4)
  An orc priest (D:7)
  13 orc wizards
  5 iguanas
  5 worker ants
  2 hound skeletons
  11 adders
  A worker ant zombie (D:10)
  13 gnolls
  3 shadow imps
  3 oozes
  An adder zombie (D:7)
  An adder skeleton (D:9)
  A worm (D:2)
  5 giant geckos
  68 orcs
  2 ball pythons (D:1)
  7 hobgoblins
  9 jackals
  5 bats
  7 giant cockroaches
  A giant cockroach zombie (D:5)
  3 giant newts
  5 goblins
  A jackal skeleton (D:4)
  22 kobolds
  2 quokkas
  A quokka skeleton (D:8)
  15 rats
  A plant (D:9)
333 creatures vanquished.

Vanquished Creatures (others)
  9 fungi (D:9)
  3 plants
12 creatures vanquished.

Grand Total: 345 creatures vanquished

Notes
Turn   | Place    | Note
--------------------------------------------------------------
     0 | D:1      | HungrySpirit the Ogre Arcane Marksman began the quest for the Orb.
     0 | D:1      | Reached XP level 1. HP: 19/19 MP: 2/2
   222 | D:1      | Reached XP level 2. HP: 26/28 MP: 3/3
   305 | D:1      | Reached skill level 1 in Maces & Flails
   821 | D:2      | Noticed Jessica
   825 | D:2      | Killed Jessica
   825 | D:2      | Reached skill level 3 in Throwing
   825 | D:2      | Reached XP level 3. HP: 35/35 MP: 4/4
   896 | D:2      | Reached XP level 4. HP: 28/42 MP: 5/5
  1538 | D:3      | Reached skill level 4 in Maces & Flails
  1538 | D:3      | Reached XP level 5. HP: 40/49 MP: 6/6
  2053 | D:3      | Noticed Sigmund
  2057 | D:3      | Killed Sigmund
  2057 | D:3      | Reached skill level 5 in Maces & Flails
  2057 | D:3      | Reached XP level 6. HP: 47/57 MP: 7/7
  3155 | D:4      | Noticed Pikel
  3203 | D:4      | Reached skill level 6 in Maces & Flails
  3243 | D:4      | Reached XP level 7. HP: 63/63 MP: 8/8
  3299 | D:4      | Noticed wvc's ghost (experienced CeFi)
  4220 | D:4      | Noticed Grinder
  4232 | D:3      | Killed Pikel
  4232 | D:3      | Reached skill level 8 in Maces & Flails
  4232 | D:3      | Reached skill level 5 in Throwing
  4232 | D:3      | Reached XP level 8. HP: 22/71 MP: 9/9
  4497 | D:4      | Paralysed by Grinder for 2 turns
  4518 | D:4      | Killed Grinder
  4518 | D:4      | Reached skill level 9 in Maces & Flails
  4626 | D:4      | Killed wvc's ghost
  4626 | D:4      | Reached skill level 5 in Dodging
  4655 | D:4      | Found a sacrificial altar of Ru.
  4951 | D:4      | Reached skill level 10 in Maces & Flails
  4951 | D:4      | Reached XP level 9. HP: 57/79 MP: 10/10
  5307 | D:5      | Entered Level 5 of the Dungeon
  5588 | D:5      | Noticed 4thArraOfDagon's ghost (average TrHu)
  5589 | D:5      | Killed 4thArraOfDagon's ghost
  6142 | D:5      | Found a staircase to the Ecumenical Temple.
  6162 | Temple   | Entered the Ecumenical Temple
  6255 | Temple   | Became a worshipper of Warmaster Okawaru
  6387 | D:5      | Reached skill level 11 in Maces & Flails
  8075 | D:7      | Acquired Okawaru's first power
  8075 | D:7      | Reached skill level 12 in Maces & Flails
  8253 | D:7      | Found Tibo's Jewellery Emporium.
  8275 | D:7      | Reached XP level 10. HP: 87/87 MP: 11/11
  8474 | D:7      | Found a shimmering altar of Xom.
  9312 | D:8      | Noticed Prince Ribbit
  9318 | D:8      | Killed Prince Ribbit
  9320 | D:8      | Reached skill level 13 in Maces & Flails
 10089 | D:7      | HP: 3/92 [killer bee (9)]
 11034 | D:7      | HP: 4/94 [poisoned by a killer bee]
 11041 | D:7      | HP: 3/94 [poisoned by a killer bee]
 11049 | D:7      | HP: 3/94 [poisoned by a killer bee]
 11811 | D:9      | Found Cibrywke's Distillery.
 11823 | D:9      | Bought a potion of magic for 80 gold pieces
 11823 | D:9      | Bought 2 potions of mutation for 50 gold pieces
 11823 | D:9      | Bought a potion of brilliance for 40 gold pieces
 11823 | D:9      | Bought a potion of heal wounds for 50 gold pieces
 11823 | D:9      | Bought a potion of lignification for 30 gold pieces
 11823 | D:9      | Bought a potion of curing for 30 gold pieces
 11895 | D:9      | Found a staircase to the Orcish Mines.
 11926 | D:9      | Reached skill level 5 in Fighting
 12114 | D:9      | Found a staircase to the Lair.
 12633 | D:9      | Reached XP level 11. HP: 84/104 MP: 12/12
 12819 | D:9      | Reached skill level 14 in Maces & Flails
 13026 | D:9      | Received a gift from Okawaru
 13118 | D:9      | Noticed Psyche
 13123 | D:9      | Killed Psyche
 13413 | D:9      | Found an opulent altar of Gozag.
 13610 | D:9      | Identified a +0 rod of clouds (11/11) (You found it on level 8 of the Dungeon)
 13622 | D:10     | Entered Level 10 of the Dungeon
 13694 | D:10     | Found a roughly hewn altar of Beogh.
 13794 | D:10     | Received a gift from Okawaru
 13809 | D:10     | Identified a +2 rod of inaccuracy (14/14) (You found it on level 10 of the Dungeon)
 14291 | D:10     | Found Velur's Magic Scroll Emporium.
 14305 | D:10     | Bought a scroll of magic mapping for 45 gold pieces
 14305 | D:10     | Bought a scroll of identify for 26 gold pieces
 14305 | D:10     | Bought a scroll of identify for 26 gold pieces
 14626 | Lair:1   | Entered Level 1 of the Lair of Beasts
 14963 | D:9      | Received a gift from Okawaru
 15304 | Lair:1   | Noticed Erica
 15323 | D:9      | Reached skill level 15 in Maces & Flails
 15327 | D:9      | HP: 1/107 [blink frog (18)]
 15328 | D:9      | Slain by a blink frog

Vault maps used:
D:1:      dpeg_arrival_prison, st_stairs_6
D:2:      uniq_jessica
D:3:      first_bread, lexackson_kobold_supper, uniq_sigmund
D:4:      roderic_cross_of_infinity, nicolae_ru_awakened_eye, uniq_grinder,
          uniq_pikel
D:5:      minmay_temple_entry_trees
D:7:      basic_altar, serial_shops, shop
D:8:      lemuel_ice_spiral_2, david_nohive_1, hangedman_decor_riveting,
          uniq_prince_ribbit1
D:9:      nicolae_gozag_cash_rules_everything_around_me,
          due_lair_maze_entry_diamond, serial_shops,
          nicolae_shop_temple_entry_statues_fountains, uniq_psyche
D:10:     serial_shops, nicolae_shop_statue_plus, minivault_25, uniq_joseph
Temple:   kilobyte_greek_temple_18
Lair:1:   beast_lair_carwin_large_2, uniq_erica, uniq_harold

Action                   |  1- 3 |  4- 6 |  7- 9 | 10-12 || total
-------------------------+-------+-------+-------+-------++-------
Melee: Unarmed           |    18 |       |       |       ||    18
       Hand axe          |     8 |       |       |       ||     8
       Club              |    30 |   163 |       |       ||   193
       Whip              |       |    53 |   185 |       ||   238
       Giant club        |       |       |   126 |   485 ||   611
Throw: Large rock        |    18 |    32 |    74 |    27 ||   151
       Throwing net      |     1 |       |     1 |       ||     2
       Stone             |       |       |     2 |       ||     2
       Javelin           |       |       |       |    19 ||    19
Invok: Heroism           |       |       |       |     5 ||     5
Evoke: Wand              |       |       |       |     8 ||     8
  Use: Potion            |       |       |     3 |     4 ||     7
       Scroll            |       |       |    17 |     6 ||    23
 Stab: Sleeping          |     1 |       |       |     2 ||     3
  Eat: Chunk             |       |     4 |     8 |    14 ||    26
       Bread ration      |       |     1 |     1 |     2 ||     4
       Pizza             |       |       |     1 |       ||     1
       Beef jerky        |       |       |       |     1 ||     1
